 Dungeon Crawl Stone Soup version 0.31.0-11-ge490571c62 (webtiles) character file.

Game seed: 10951612728298885573

394 DeltaZero the Gusty (level 6, 0/33 HPs)
             Began as a Tengu Air Elementalist on Feb 8, 2024.
             Slain by an ogre
             ... wielding a +0 giant club
              (33 damage)
             ... on level 5 of the Dungeon.
             The game lasted 00:09:33 (3934 turns).

DeltaZero the Gusty (Tengu Air Elementalist)        Turns: 3934, Time: 00:09:34

Health: 0/33       AC:  2    Str:  9    XL:     6   Next: 81%
Magic:  5/13       EV: 12    Int: 23    God:
Gold:   173        SH:  5    Dex: 14    Spells: 7/13 levels left

rFire   . . .        c - +1 rapier (holy)
rCold   . . .        (no shield)
rNeg    . . .        a - +0 robe
rPois   .            (helmet restricted)
rElec   .            (no cloak)
rCorr   .            (no gloves)
SInv    .            (boots unavailable)
Will    .....        r - amulet of reflection
Stlth   ++           d - +6 ring of intelligence
HPRegen 0.25/turn    h - ring of wizardry
MPRegen 0.13/turn

%: reflection, acrobat, wizardry (x1)
@: no status effects
A: beak, talons 3, acrobatic
a: no special abilities


You were on level 5 of the Dungeon.
You visited 1 branch of the dungeon, and saw 5 of its levels.

You collected 173 gold pieces.

Inventory:

Hand Weapons
 c - a +1 rapier of holy wrath (weapon)
Armour
 a - a +0 robe (worn)
Jewellery
 d - a +6 ring of intelligence (left hand)
 g - an amulet of the acrobat
 h - a ring of wizardry (right hand)
 r - an amulet of reflection (around neck)
Wands
 p - a wand of digging (6)
Scrolls
 e - 3 scrolls of teleportation
 i - 2 scrolls of identify
 k - a scroll of poison {unknown}
 l - a scroll of silence {unknown}
 n - a scroll of butterflies {unknown}
 q - a scroll of immolation {unknown}
 s - a scroll of vulnerability {unknown}
 t - a scroll of enchant weapon {unknown}
Potions
 b - 2 potions of magic
 f - 2 potions of might {unknown}
 j - 3 potions of curing
 m - 3 potions of mutation
 o - a potion of lignification {unknown}


   Skills:
 + Level 0.4 Fighting
 + Level 0.6 Short Blades
 + Level 2.4 Dodging
 + Level 2.7 Stealth
 + Level 4.0 Spellcasting
 + Level 4.0 Conjurations
 + Level 6.4 Air Magic


You had 7 spell levels left.
You knew the following spells:

 Your Spells              Type           Power      Damage    Failure   Level
a - Shock                 Conj/Air       100%       1d9       1%          1
b - Swiftness             Air            34%        N/A       1%          3
c - Static Discharge      Conj/Air       56%        3-6/arc   1%          2

Your spell library contained the following spells:

 Spells                   Type           Power      Damage    Failure   Level
 Cigotuvi's Dreadful Rot  Necr/Alch/Air  28%        N/A       2%          2
 Airstrike                Air            17%        2d(3-19)  2%          4
 Freezing Cloud           Conj/Ice/Air   10%        6-21      26%         5
 Ignite Poison            Fire/Alch      4%         N/A       38%         4


Dungeon Overview and Level Annotations

Branches:
Dungeon (5/15)
 Temple: D:4-7

Altars:
Gozag

Shops:
D:1 !   D:4 **


Innate Abilities, Weirdness & Mutations

You have a beak for a mouth.
You have claws for feet.
You can magically evade attacks while moving or waiting.


Message History

Found a rapier.
Found a stone staircase leading up.
Things that are here:
a +0 club; a +0 halberd; a gnoll corpse
Things that are here:
a +0 flail; a gnoll corpse You now have 173 gold pieces (gained 11).
You pick up a Trismegistus Codex and begin reading...
You add the spells Cigotuvi's Dreadful Rot, Ignite Poison and Freezing Cloud to your library.
t - a scroll labelled KENE ORRUSM A shadow imp comes into view.
A shadow imp is nearby!
The zap hits the shadow imp!
The shadow imp is severely wounded.
The shadow imp shouts, "Quit, thou hateful motley-minded bloater!"
The zap hits the shadow imp.
The shadow imp is almost dead.
The zap hits the shadow imp!
You kill the shadow imp!
An ogre comes into view. It is wielding a +0 giant club.
The zap hits the ogre.
The ogre is lightly wounded.
The ogre shouts!
The zap hits the ogre.
The ogre is moderately wounded.
The zap hits the ogre.
The ogre is moderately wounded.
The zap hits the ogre.
The ogre is heavily wounded.
An ogre comes into view. It is wielding a +0 giant club.
The zap hits the ogre.
The ogre is heavily wounded.
The zap misses the ogre.
The ogre shouts!
The zap misses the ogre.
Okay, then.
You hit the ogre. You claw the ogre.
The ogre is almost dead.
The ogre hits you with a +0 giant club!!
Ouch! That really hurt!
You die...

#...........#
##...........#
#....O.......#
#..##.).. ..#
##..##<.# ..#
#.......##..##
#.).....O....###
#.......@.......
##..##..##..####
#)####..## ##
#)...#>..#
#....#...#
#....#...#
#....#.).#
#...##..##
##..##..##


You could see 2 ogres.

Vanquished Creatures
  A scorpion (D:4)
  A howler monkey (D:4)
  A hound (D:4)
  A jelly (D:5)
  Jessica (D:2)
  Terence (D:2)
  Robin (D:2)
  3 gnolls (D:5)
  4 adders
  2 shadow imps
  2 ribbon worms
  A dart slug (D:5)
  7 orcs
  A ball python (D:4)
  6 bats
  5 endoplasms
  2 giant cockroaches
  12 goblins
  11 hobgoblins
  2 jackals (D:1)
  4 quokkas
  A frilled lizard (D:1)
  7 kobolds
  5 rats
82 creatures vanquished.

Notes
Turn   | Place    | Note
-------+----------+-------------------------------------------
     0 | D:1      | DeltaZero the Tengu Air Elementalist began the quest for
                  | the Orb.
     0 | D:1      | Reached XP level 1. HP: 10/10 MP: 4/4
    61 | D:1      | Found Haifitus's Distillery.
   121 | D:1      | Reached XP level 2. HP: 15/15 MP: 0/6
   643 | D:2      | Reached XP level 3. HP: 19/19 MP: 5/7
   647 | D:2      | Learned a level 3 spell: Swiftness
   650 | D:2      | Learned a level 2 spell: Static Discharge
   730 | D:2      | Noticed Terence
   793 | D:2      | Noticed Jessica
  1046 | D:2      | Killed Terence
  1047 | D:2      | Reached skill level 5 in Air Magic
  1047 | D:2      | Reached XP level 4. HP: 15/24 MP: 2/8
  1255 | D:2      | Noticed Robin
  1287 | D:2      | Killed Robin
  1567 | D:2      | Killed Jessica
  1568 | D:2      | Reached XP level 5. HP: 28/28 MP: 0/10
  2556 | D:3      | Found a faded altar of an unknown god.
  2758 | D:3      | Found an opulent altar of Gozag.
  3132 | D:4      | Reached skill level 6 in Air Magic
  3258 | D:4      | Found Itinouddyor's General Store.
  3260 | D:4      | Found Xoumaro's Specific Store.
  3300 | D:4      | Reached XP level 6. HP: 33/33 MP: 6/11
  3786 | D:5      | Entered Level 5 of the Dungeon
  3934 | D:5      | Slain by an ogre

Illustrated notes

Levels and vault maps discovered:
D:1:      lightli_arrival_quake, layout_rooms, serial_shops, shop
D:2:      minmay_alternating_diamond, layout_loops_corners, uniq_robin,
          uniq_jessica, uniq_terence
D:3:      layout_basic, nicolae_gozag_cash_rules_everything_around_me,
          chequers_ecumenical_altar_simple_redux
D:4:      layout_cave_pools, nicolae_specific_store
D:5:      layout_gridville, minmay_temple_entry_metal_lava

Skill      XL: |  1  2  3  4  5  6 |
---------------+-------------------+-----
Conjurations   | 2 3 4 |  4.0
Air Magic      | 5 6 |  6.4
Spellcasting   | 3 4 |  4.0
Fighting       | |  0.4
Short Blades   | |  0.6
Dodging        | |  2.4
Stealth        | |  2.7

Action                     |  1- 3 |  4- 6 || total
---------------------------+-------+-------++-------
  Melee: Rapier            |    14 |     7 ||    21
         Kick              |     3 |     4 ||     7
         Peck              |     2 |     2 ||     4
   Cast: Shock             |    42 |   129 ||   171
         Swiftness         |     1 |       ||     1
    Use: Scroll            |       |     3 ||     3
 Armour: Robe              |    15 |     9 ||    24
  Dodge: Dodged            |    30 |    22 ||    52
  Block: Other             |       |     2 ||     2
